 Dungeon Crawl Stone Soup version 0.28-a0-1286-g6bde065e89 (webtiles) character file.

Game seed: 16677116765244946637

98 Gwenloh the Grave Robber (level 4, -5/30 HPs)
             Began as a Mummy Necromancer on Dec 26, 2021.
             Killed from afar by Terence (18 damage)
             ... with a puff of flame
             ... on level 2 of the Dungeon.
             The game lasted 00:07:51 (2385 turns).

Gwenloh the Grave Robber (Mummy Necromancer)        Turns: 2385, Time: 00:07:52

Health: -5/30      AC:  2    Str: 11    XL:     4   Next: 44%
Magic:  7/10       EV: 12    Int: 16    God:
Gold:   18         SH:  0    Dex: 12    Spells: 6/12 levels left

rFire   x . .      SeeInvis .   c - +0 dagger
rCold   + . .      Faith    +   (no shield)
rNeg    + + +      Spirit   .   a - +0 robe
rPois   ∞          Reflect  .   (no helmet)
rElec   .          Harm     .   (no cloak)
rCorr   .          Rampage  .   (no gloves)
Will    .....                   (no boots)
Stlth   ++........              e - amulet of faith
HPRegen 0.10/turn               (no ring)
MPRegen 0.12/turn               (no ring)

@: no status effects
A: cold resistance 1, negative energy resistance 3, torment resistance 2, heat
vulnerability 1, no potions
a: no special abilities


You were on level 2 of the Dungeon.
You visited 1 branch of the dungeon, and saw 3 of its levels.

You collected 18 gold pieces.

Inventory:

Hand Weapons
 c - a +0 dagger (weapon)
Armour
 a - a +0 robe (worn)
Jewellery
 e - an amulet of faith (around neck)
Scrolls
 b - 3 scrolls of identify {unknown}
 d - 2 scrolls of fog {unknown}
 f - a scroll of teleportation {unknown}


   Skills:
 - Level 1.5 Dodging
 - Level 1.5 Stealth
 + Level 4.5 Spellcasting
 + Level 5.0 Necromancy


You had 6 spell levels left.
You knew the following spells:

 Your Spells              Type           Power      Damage    Failure   Level
a - Pain                  Necr           76%        1d7       1%          1
b - Vampiric Draining     Necr           19%        2d7       6%          3
c - Corpse Rot            Necr/Air       22%        N/A       9%          2

Your spell library contained the following spells:

 Spells                   Type           Power      Damage    Failure   Level
 Animate Skeleton         Necr           38%        N/A       1%          1
 Animate Dead             Necr           9%         N/A       21%         4
 Poisonous Vapours        Pois/Air       6%         N/A       24%         2
 Agony                    Necr           19%        N/A       50%         5


Dungeon Overview and Level Annotations

Branches:
Dungeon (3/15)

Altars:

Shops:
D:3 ?

Annotations:
D:2 Jessica, Terence


Innate Abilities, Weirdness & Mutations

You are immune to poison.
Your flesh is cold resistant. (rC+)
You are immune to negative energy. (rN+++)
You are immune to unholy pain and torment.
You are vulnerable to heat. (rF-)
You do not drink.


Message History

The gnoll writhes in agony.
You kill the gnoll!
Your Necromancy skill increases to level 5!
Magic restored.
You see here a +0 club.
You see here a hobgoblin corpse.
There is a stone staircase leading down here.
Done exploring.
Done exploring.
There is a stone staircase leading down here.
You climb downwards.
Level annotation: Jessica, Terence
Found a stone staircase leading down.
There is a stone staircase leading up here.
An endoplasm comes into view.
The endoplasm quivers.
The endoplasm barely resists.
The endoplasm writhes in agony.
The endoplasm writhes in agony.
The endoplasm writhes in agony.
You kill the endoplasm!
You start resting.
Magic restored.
An adder comes into view.
The adder hisses angrily.
The adder barely resists.
The adder writhes in agony.
The adder writhes in agony!
You kill the adder!
No target in view!
You start resting.
Terence is nearby!
Terence zaps a wand.
The puff of flame hits you. The fire burns you terribly!
There is a stone staircase leading up here.
Terence barely resists.
Terence zaps a wand.
The puff of flame hits you! The fire burns you terribly!
You are too injured to fight recklessly!
Terence zaps a wand.
The puff of flame hits you!! The fire burns you terribly!
Ouch! That really hurt!
You die...

#.#
##..............
.
#...............
#...............
#...............
................
#............>..
#...............
....@...........
###....@##.....#
####### ######
.# .## ... ...
...


You could see Terence.

Vanquished Creatures
  A hound (D:3)
  A gnoll (D:1)
  An adder (D:2)
  A worm (D:3)
  3 dart slugs
  3 ball pythons
  5 endoplasms
  3 giant cockroaches
  5 goblins
  3 hobgoblins (D:1)
  3 quokkas (D:1)
  4 bats
  2 frilled lizards
  A kobold (D:1)
  A rat (D:3)
37 creatures vanquished.

Vanquished Creatures (others)
  A fungus (D:2)
  2 plants
3 creatures vanquished.

Grand Total: 40 creatures vanquished

Notes
Turn   | Place    | Note
-------+----------+-------------------------------------------
     0 | D:1      | Gwenloh the Mummy Necromancer began the quest for the Orb.
     0 | D:1      | Reached XP level 1. HP: 13/13 MP: 4/4
   370 | D:1      | Reached XP level 2. HP: 17/19 MP: 3/6
   373 | D:1      | Learned a level 2 spell: Corpse Rot
   988 | D:1      | You fall into a shaft and drop 1 floor!
   988 | D:2      | Noticed Terence
  1327 | D:3      | Reached XP level 3. HP: 24/24 MP: 6/8
  1664 | D:3      | Found Wym Hada's Magic Scroll Boutique.
  1747 | D:3      | Learned a level 3 spell: Vampiric Draining
  1756 | D:3      | Reached XP level 4. HP: 30/30 MP: 6/10
  1892 | D:2      | Noticed Jessica
  2235 | D:1      | Reached skill level 5 in Necromancy
  2385 | D:2      | Killed from afar by Terence

Illustrated notes

Levels and vault maps discovered:
D:1:      eino_arrival_water_cross, layout_loops_ring
D:2:      layout_rooms, shapermc_ecumenical_altar_mp_ritualfount, uniq_jessica,
          uniq_terence
D:3:      layout_loops_ring, serial_shops,
          nicolae_shop_temple_entry_statues_fountains, corexii_shack,
          guppyfry_early_lair_pool

Skill      XL: |  1  2  3  4 |
---------------+-------------+-----
Spellcasting   | 3 4 |  4.5
Necromancy     | 5 |  5.0
Dodging        | |  1.5
Stealth        | |  1.5

Action                   |  1- 3 |  4- 6 || total
-------------------------+-------+-------++-------
Melee: Unarmed           |     8 |       ||     8
       Dagger            |    10 |     2 ||    12
 Cast: Pain              |    58 |    21 ||    79
       Corpse Rot        |     3 |       ||     3
       Vampiric Draining |     1 |     2 ||     3
Armor: Robe              |     3 |     2 ||     5
Dodge: Dodged            |    16 |     3 ||    19

Table legend: (Time is in decaauts)
 A = Elapsed time spent in this place.
 B = Non-inter-level travel time spent in this place.
 C = Inter-level travel time spent in this place.
 D = Time resting spent in this place.
 E = Time spent auto-exploring this place.
 F = Levels seen in this place.
 G = Mean time per level.
                   A        B        C        D        E       F      G
               +--------+--------+--------+--------+--------+-----+--------+
         Total |   2386 |   2322 |     64 |    637 |   1153 |   3 |  795.3 |
       Dungeon |   2386 |   2322 |     64 |    637 |   1153 |   3 |  795.3 |
               +--------+--------+--------+--------+--------+-----+--------+

Top non-repeatable levels by time:
     D:1: 1412 daAuts
     D:3: 796 daAuts
     D:2: 178 daAuts
